 Dungeon Crawl Stone Soup version 0.28-a0-991-g956f0ee3d5 (webtiles) character file.

Game seed: 9453875493416993622

1811 Decritt the Cleaver (level 8, -4/73 HPs)
             Began as a Minotaur Fighter on Dec 5, 2021.
             Was an Initiate of the Shining One.
             Slain by Duvessa (8 damage)
             ... on level 5 of the Dungeon.
             The game lasted 00:07:16 (5380 turns).

Decritt the Cleaver (Minotaur Fighter)              Turns: 5380, Time: 00:07:16

Health: -4/73      AC: 10    Str: 23    XL:     8   Next: 84%
Magic:  7/7        EV: 10    Int:  5    God:    the Shining One [......]
Gold:   278        SH:  5    Dex: 10    Spells: 7/7 levels left

rFire   . . .      SeeInvis .   w - +0 whip (elec)
rCold   . . .      Faith    .   c - +0 buckler
rNeg    . . .      Spirit   .   b - +0 scale mail
rPois   .          Reflect  .   (helmet restricted)
rElec   .          Harm     .   j - +0 cloak
rCorr   .          Rampage  .   y - +0 pair of gloves
Will    .....                   (no boots)
Stlth   ..........              (no amulet)
HPRegen 0.22/turn               (no ring)
MPRegen 0.10/turn               (no ring)

@: mighty, glowing
A: horns 2, retaliatory headbutt
a: Renounce Religion


You were on level 5 of the Dungeon.
You worshipped the Shining One.
The Shining One was noncommittal.
You visited 2 branches of the dungeon, and saw 6 of its levels.

You collected 278 gold pieces.

Inventory:

Hand Weapons
 a - a +0 war axe
 m - a +3 flail of draining
 t - a +1 vorpal hand axe
 w - a +0 whip of electrocution (weapon)
Missiles
 r - 3 boomerangs
Armour
 b - a +0 scale mail (worn)
 c - a +0 buckler (worn)
 j - a +0 cloak (worn)
 y - a +0 pair of gloves (worn)
Wands
 k - a wand of digging (13)
 p - a wand of flame (10)
 v - a wand of charming (14)
Scrolls
 e - a scroll of amnesia {unknown}
 f - a scroll of brand weapon {unknown}
 h - 2 scrolls of identify {unknown}
 i - a scroll of vulnerability {unknown}
 q - 2 scrolls of fog {unknown}
 s - a scroll of fear {unknown}
 u - 3 scrolls of teleportation {unknown}
 z - a scroll of immolation {unknown}
 A - a scroll of blinking {unknown}
 B - a scroll of acquirement {unknown}
 C - a scroll of magic mapping {unknown}
Potions
 g - 2 potions of magic {unknown}
 l - 2 potions of lignification {unknown}
 n - 2 potions of brilliance {unknown}
 o - a potion of attraction {unknown}
 x - a potion of flight {unknown}


   Skills:
 + Level 7.1 Fighting
 * Level 9.0 Axes
 + Level 7.1 Armour
 + Level 7.1 Shields


You had 7 spell levels left.
You didn't know any spells.
Your spell library contained the following spells:

 Spells                   Type           Power      Damage    Failure   Level
 Sting                    Tmut/Pois      0%         1d3       77%         1
 Poisonous Vapours        Pois/Air       0%         N/A       88%         2
 Olgreb's Toxic Radiance  Pois           0%         N/A       100%        4


Dungeon Overview and Level Annotations

Branches:
Dungeon (5/15)             Temple (1/1) D:5

Altars:
Ashenzari
Dithmenos
Fedhas
Gozag
Hepliaklqana
Kikubaaqudgha
Makhleb
Nemelex Xobeh
Okawaru
Qazlal
Ru
Uskayaw
Vehumet
Wu Jian
Xom
Yredelemnul
Zin
The Shining One

Shops:
D:1 (*   D:2 =

Annotations:
D:5 Duvessa


Innate Abilities, Weirdness & Mutations

You have a pair of horns on your head.
You reflexively headbutt those who attack you in melee.


Message History

Duvessa is lightly wounded.
Duvessa closely misses you. Duvessa hits you with a +0 rapier.
You hit Duvessa but do no damage. Lightning courses through Duvessa!
Duvessa is moderately wounded.
Duvessa hits you with a +0 rapier!
You completely miss Duvessa.
Duvessa is moderately wounded.
Duvessa hits you with a +0 rapier!
* * * LOW HITPOINT WARNING * * *
You barely miss Duvessa.
Duvessa is moderately wounded.
Duvessa barely misses you.
You hit Duvessa.
Duvessa is moderately wounded.
Duvessa hits you with a +0 rapier.
* * * LOW HITPOINT WARNING * * *
Duvessa hits you with a +0 rapier.
* * * LOW HITPOINT WARNING * * *
You hit Duvessa.
Duvessa is moderately wounded.
Duvessa hits you but does no damage.
You hit Duvessa.
Duvessa is heavily wounded.
Duvessa hits you with a +0 rapier.
* * * LOW HITPOINT WARNING * * *
You whack Duvessa! Your headbutt misses Duvessa.
Duvessa is heavily wounded.
Duvessa hits you but does no damage.
You hit Duvessa but do no damage.
Duvessa is heavily wounded.
Duvessa hits you with a +0 rapier!
* * * LOW HITPOINT WARNING * * *
You block Duvessa's attack.
You feel very mighty all of a sudden. Duvessa hits you with a +0 rapier!
* * * LOW HITPOINT WARNING * * *
You hit Duvessa. You headbutt Duvessa!
Duvessa is severely wounded.
Duvessa hits you with a +0 rapier!
You die...

#######
###.....#####
#...........#
#....⌠...≈≈.#
#..#...≈≈≈≈..
######..##.≈≈≈≈≈..
.....#..##@.≈≈≈≈..
.PPP....#)e.≈.≈...
...P##..#...≈.....


PP.P #..#._≈....⌠. .....#..#....##... . PP....########.. ...P##............ PPP
#.#.#.####.. #.....###... You could see Duvessa (berserk).

Vanquished Creatures
  Grinder (D:5)
  Sigmund (D:2)
  Edmund (D:4)
  A sky beast (D:5)
  A centaur (D:5)
  An ogre (D:5)
  A kobold brigand (D:5)
  4 phantoms
  Dowan (D:5)
  A jelly (D:4)
  A bullfrog skeleton (D:5)
  A gnoll shaman (D:5)
  An orc priest (D:4)
  Jessica (D:2)
  Terence (D:2)
  3 iguanas
  Natasha (thrice) (D:4)
  4 orc wizards
  2 hound skeletons
  Robin (D:4)
  8 gnolls (D:5)
  5 adders
  2 worms
  3 dart slugs
  11 orcs
  4 endoplasms
  2 giant cockroaches
  6 hobgoblins
  9 kobolds
  4 quokkas
  5 ball pythons
  7 bats
  A frilled lizard (D:2)
  14 goblins
  4 rats
116 creatures vanquished.

Vanquished Creatures (others)
  A hobgoblin (D:4)
1 creature vanquished.

Grand Total: 117 creatures vanquished

Notes
Turn   | Place    | Note
-------+----------+-------------------------------------------
     0 | D:1      | Decritt the Minotaur Fighter began the quest for the Orb.
     0 | D:1      | Reached XP level 1. HP: 19/19 MP: 0/0
   241 | D:1      | Found Toddemor's Assorted Antiques.
   416 | D:1      | Found Qubom's Antique Weapon Boutique.
   421 | D:1      | Reached XP level 2. HP: 26/27 MP: 1/1
   902 | D:2      | Found a stormy altar of Qazlal.
   902 | D:2      | Noticed Jessica
   907 | D:2      | Killed Jessica
   908 | D:2      | Reached skill level 3 in Axes
   908 | D:2      | Reached XP level 3. HP: 29/33 MP: 2/2
  1039 | D:2      | Noticed Terence
  1042 | D:2      | Killed Terence
  1048 | D:2      | Reached XP level 4. HP: 40/40 MP: 3/3
  1121 | D:2      | Noticed a phantom
  1127 | D:2      | Killed a phantom
  1128 | D:2      | Reached skill level 4 in Axes
  1128 | D:2      | Reached XP level 5. HP: 39/47 MP: 4/4
  1227 | D:2      | Found Mugraela's Jewellery Shop.
  1561 | D:2      | Noticed Sigmund
  1566 | D:2      | Killed Sigmund
  1567 | D:2      | Reached skill level 5 in Axes
  1567 | D:2      | Reached skill level 5 in Armour
  1567 | D:2      | Reached XP level 6. HP: 24/55 MP: 5/5
  1943 | D:3      | Reached skill level 5 in Fighting
  1951 | D:3      | Reached skill level 5 in Shields
  2226 | D:3      | Found a faded altar of an unknown god.
  2709 | D:4      | Noticed Robin
  2713 | D:4      | Noticed Natasha
  2743 | D:4      | Killed Natasha
  2744 | D:4      | Reached skill level 6 in Axes
  2745 | D:4      | Reached XP level 7. HP: 37/61 MP: 6/6
  2746 | D:4      | Killed Robin
  3061 | D:4      | Noticed Natasha
  3065 | D:4      | Killed Natasha
  3442 | D:4      | Noticed Natasha
  3446 | D:4      | Killed Natasha
  3731 | D:4      | Noticed Edmund
  3736 | D:4      | Killed Edmund
  3851 | D:4      | Reached skill level 7 in Axes
  4057 | D:5      | Entered Level 5 of the Dungeon
  4060 | D:5      | Noticed Grinder
  4064 | D:5      | Paralysed by Grinder for 2 turns
  4073 | D:5      | Killed Grinder
  4074 | D:5      | Reached XP level 8. HP: 54/71 MP: 7/7
  4159 | D:5      | Reached skill level 8 in Axes
  5029 | D:5      | Found a staircase to the Ecumenical Temple.
  5039 | Temple   | Entered the Ecumenical Temple
  5120 | Temple   | Became a worshipper of the Shining One
  5361 | D:5      | Found an ancient bone altar of Kikubaaqudgha.
  5361 | D:5      | Noticed Dowan
  5362 | D:5      | Noticed Duvessa
  5368 | D:5      | Killed Dowan
  5369 | D:5      | Reached skill level 9 in Axes
  5380 | D:5      | Slain by Duvessa

Illustrated notes

Levels and vault maps discovered:
D:1:      dpeg_arrival_arbitrary_b, layout_loops_corners, serial_shops,
          nicolae_shop_waterfront, shop
D:2:      layout_basic, basic_altar, serial_shops, nicolae_shop_hallway_plus,
          serial_aquarium, aquarium_bridge_square [aquarium_subvault_bridge,
          aquarium_subvault_bridge, aquarium_subvault_wall,
          aquarium_subvault_bridge], aquarium_window_1, aquarium_window_1,
          aquarium_view_2e, aquarium_view_2f, uniq_terence, uniq_jessica,
          uniq_sigmund
D:3:      layout_basic, hellmonk_ecumenical_altar_arch_garden, minmay_quantized
D:4:      layout_loops_cross, hangedman_abyss_or_decor_lesser_grid, uniq_edmund,
          uniq_natasha, uniq_robin
D:5:      layout_cave_pools, kiku_gazebo_pond_becter, temple_hall,
          hangedman_glass_teeth, minmay_misc_feat_nine_boxes, minmay_hedge_maze,
          uniq_pikel, uniq_duvessa, uniq_grinder
Temple:   minmay_crystal_spiral_temple

Skill      XL: |  1  2  3  4  5  6  7  8 |
---------------+-------------------------+-----
Fighting       | 4 5 6 7 |  7.1
Axes           | 3 4 5 6 7 9 |  9.0
Armour         | 4 5 6 7 |  7.1
Shields        | 4 5 6 7 |  7.1

Action                   |  1- 3 |  4- 6 |  7- 9 || total
-------------------------+-------+-------+-------++-------
Melee: War axe           |    42 |     1 |       ||    43
       Headbutt          |     3 |    14 |    23 ||    40
       Flail             |       |    94 |   128 ||   222
       Whip              |       |       |    23 ||    23
  Use: Potion            |       |       |     1 ||     1
Armor: Scale mail        |    26 |    67 |    57 ||   150
Dodge: Dodged            |    27 |    57 |    54 ||   138
Block: Buckler           |    12 |    26 |    39 ||    77

Table legend: (Time is in decaauts)
 A = Elapsed time spent in this place.
 B = Non-inter-level travel time spent in this place.
 C = Inter-level travel time spent in this place.
 D = Time resting spent in this place.
 E = Time spent auto-exploring this place.
 F = Levels seen in this place.
 G = Mean time per level.
                   A        B        C        D        E       F      G
               +--------+--------+--------+--------+--------+-----+--------+
         Total |   5446 |   5228 |    218 |    571 |   3873 |   6 |  907.7 |
       Dungeon |   5233 |   5099 |    134 |    571 |   3762 |   5 | 1046.6 |
        Temple |    213 |    129 |     84 |      0 |    111 |   1 |  213.0 |
               +--------+--------+--------+--------+--------+-----+--------+

Top non-repeatable levels by time:
     D:4: 1401 daAuts
     D:2: 1046 daAuts
     D:3: 1008 daAuts
     D:1: 907 daAuts
     D:5: 869 daAuts
  Temple: 213 daAuts
